Map: Stocznia orbitalna

Players

Gracz

  • Race: Protoss Protoss

виталя

  • Race: Protoss Protoss

Lost

  • Race: Protoss Protoss

serg

  • Race: Protoss Protoss

VOD

Have the link to the VOD?

Description

Time

  • Played on: March 1, 2016, 1:46 p.m.
  • Length: 18:13
Show
View Real Time Build Order
Export as new Build Order

Gracz Protoss 

Build Orders:  

Get SALT Encoding   

  12  0:02  Probe (Chrono Boost)  
  13  0:13  Probe (Chrono Boost)  
  14  0:20  Pylon  
  14  0:24  Probe (Chrono Boost)  
  15  0:33  Assimilator  
  15  0:40  Probe (Chrono Boost)  
  16  0:47  Gateway  
  16  0:51  Probe (Chrono Boost)  
  17  1:02  Probe (Chrono Boost)  
  18  1:04  Pylon  
  18  1:07  Assimilator  
  18  1:12  Probe (Chrono Boost)  
  19  1:27  Gateway  
  19  1:29  Probe (Chrono Boost)  
  21  1:40  Probe (Chrono Boost)  
  21  1:46  Cybernetics Core  
  21  1:50  Probe (Chrono Boost)  
  22  2:06  Forge  
  22  2:08  Probe (Chrono Boost)  
  23  2:14  Pylon  
  23  2:22  Warp Gate (Chrono Boost)  
  23  2:27  Stalker  
  23  2:28  Stalker  
  27  2:55  Nexus  
  29  3:06  Sentry x2  
  29  3:09  Protoss Ground Weapons Level 1  
  31  3:19  Assimilator  
  31  3:27  Mothership Core  
  33  3:46  Stargate  
  33  3:48  Pylon  
  33  4:04  Probe  
  33  4:06  Probe  
  35  4:16  Probe x2  
  37  4:27  Probe  
  37  4:28  Probe  
  39  4:37  Sentry x2, Probe  
  43  4:40  Probe  
  43  4:42  Oracle  
  48  4:48  Probe  
  49  4:53  Probe  
  49  4:54  Robotics Facility  
  49  4:58  Probe  
  50  5:05  Probe  
  52  5:09  Probe  
  52  5:13  Stalker  
  52  5:14  Stalker  
  57  5:17  Probe  
  57  5:19  Probe  
  59  5:23  Assimilator  
  59  5:29  Probe  
  59  5:30  Probe  
  59  5:34  Twilight Council  
  61  5:41  Probe  
  62  5:48  Pylon  
  62  5:51  Pylon  
  62  5:54  Pylon, Protoss Ground Armor Level 1  
  62  6:00  Pylon  
  62  6:05  Probe  
  62  6:11  Stalker x2  
  65  6:15  Probe  
  68  6:21  Gateway x2  
  68  6:24  Void Ray  
  69  6:26  Probe  
  69  6:27  Warp Prism  
  72  6:36  Stargate  
  72  6:37  Stalker  
  72  6:38  Stalker  
  76  7:06  Fleet Beacon  
  76  7:10  Dark Shrine  
  76  7:20  Stalker x2  
  80  7:26  Nexus  
  80  7:43  Void Ray  
  84  7:49  Stalker  
  84  7:50  Stalker x2  
  90  8:02  Pylon  
  90  8:03  Stalker  
  92  8:07  Pylon  
  92  8:10  Pylon  
  92  8:16  Observer  
  92  8:17  Pylon  
  93  8:37  Pylon, Stalker x2  
  93  8:38  Stalker  
  93  8:39  Stalker  
  101  8:42  Protoss Ground Weapons Level 2, Void Ray (Chrono Boost)  
  105  9:06  Probe  
  105  9:07  Robotics Bay  
  106  9:16  Probe  
  107  9:27  Probe  
  107  9:28  Assimilator  
  108  9:34  Assimilator  
  108  9:35  Dark Templar x2  
  108  9:37  Probe  
  112  9:40  Dark Templar  
  112  9:45  Archon  
  115  9:48  Probe  
  112  10:01  Blink  
  108  10:13  Zealot x2  
  108  10:14  Zealot x2  
  114  10:20  Stargate  
  116  10:26  Probe  
  117  10:32  Probe  
  117  10:35  Probe  
  118  10:38  Probe  
  120  10:44  Probe  
  120  10:45  Tempest (Chrono Boost)  
  120  10:46  Probe  
  122  10:50  Probe  
  122  10:51  Tempest (Chrono Boost)  
  107  11:02  Probe  
  90  11:14  Probe  
  81  11:31  Stalker  
  81  11:32  Stalker x3  
  76  11:41  Void Ray x2 (Chrono Boost)  
  76  11:46  Void Ray (Chrono Boost)  
  88  11:49  Gateway  
  88  11:52  Gateway  
  88  11:56  Zealot x2  
  88  11:57  Zealot x2  
  96  12:04  Protoss Ground Weapons Level 3  
  96  12:11  Probe  
  96  12:14  Mothership Core  
  99  12:18  Zealot  
  99  12:19  Zealot x2  
  99  12:20  Zealot  
  107  12:23  Probe  
  107  12:26  Charge  
  107  12:27  Stargate  
  108  12:30  Protoss Air Weapons Level 1, Nexus  
  108  12:34  Stargate  
  108  12:37  Assimilator  
  108  12:39  Assimilator  
  114  12:57  Zealot x3  
  114  12:58  Zealot x2  
  128  12:59  Zealot  
  132  13:09  Pylon  
  132  13:10  Carrier (Chrono Boost), Immortal  
  132  13:11  Pylon  
  132  13:12  Pylon  
  136  13:14  Pylon  
  136  13:30  Stalker  
  136  13:31  Stalker x2  
  136  13:33  Stalker  
  136  13:34  Stalker x2  
  152  13:49  Tempest (Chrono Boost), Immortal  
  156  14:09  Protoss Air Weapons Level 2  
  156  14:21  Probe  
  163  14:26  Carrier (Chrono Boost)  
  163  14:28  Protoss Ground Armor Level 2  
  163  14:32  Stalker x3  
  163  14:33  Stalker, Probe  
  172  14:39  Zealot  
  172  14:40  Zealot  
  172  14:45  Probe  
  177  14:55  Forge  
  183  15:08  Carrier (Chrono Boost)  
  187  15:18  Void Ray (Chrono Boost)  
  187  15:32  Nexus  
  187  15:35  Dark Templar x3  
  193  15:42  Dark Templar  
  195  15:45  Archon  
  195  15:48  Archon  
  195  15:57  Pylon  
  195  16:00  Assimilator  
  195  16:04  Pylon  
  195  16:06  Assimilator  
  195  16:11  Protoss Air Armor Level 1  
  195  16:14  Graviton Catapult  
  195  16:31  Zealot x2  
  189  18:05  Stalker x3  
  193  18:06  Stalker  
  193  18:07  Stalker  
Show
View Real Time Build Order
Export as new Build Order

виталя Protoss 

Build Orders:  

Get SALT Encoding   

  12  0:04  Probe (Chrono Boost)  
  13  0:17  Assimilator  
  13  0:26  Pylon  
  13  0:37  Probe (Chrono Boost)  
  13  0:38  Pylon  
  14  0:51  Gateway  
  14  1:04  Gateway  
  14  1:07  Probe (Chrono Boost)  
  15  1:25  Probe (Chrono Boost)  
  16  1:32  Assimilator  
  16  1:39  Gateway, Probe (Chrono Boost)  
  17  1:50  Probe (Chrono Boost)  
  18  2:00  Probe (Chrono Boost)  
  19  2:03  Zealot  
  21  2:13  Pylon  
  21  2:28  Forge  
  21  2:29  Zealot  
  21  2:33  Probe (Chrono Boost)  
  24  2:37  Zealot  
  26  2:45  Zealot  
  28  2:54  Probe (Chrono Boost)  
  29  3:03  Cybernetics Core  
  29  3:18  Protoss Ground Weapons Level 1  
  29  3:22  Probe (Chrono Boost)  
  30  3:30  Pylon  
  30  4:04  Stalker  
  30  4:07  Stalker  
  30  4:08  Stalker  
  36  4:25  Warp Gate (Chrono Boost)  
  36  4:29  Twilight Council  
  36  4:32  Stargate  
  36  4:37  Pylon  
  36  5:05  Nexus  
  36  5:12  Protoss Ground Armor Level 1  
  36  5:17  Charge  
  36  5:40  Photon Cannon  
  36  5:45  Mothership Core  
  36  5:48  Photon Cannon  
  38  6:04  Photon Cannon  
  38  6:18  Probe  
  38  6:19  Pylon  
  39  6:28  Probe  
  40  6:39  Forge, Probe  
  41  6:47  Assimilator  
  41  6:49  Probe  
  41  6:53  Assimilator  
  42  7:00  Probe, Photon Cannon  
  42  7:07  Protoss Shields Level 1  
  43  7:10  Protoss Air Weapons Level 1 (Chrono Boost), Probe  
  44  7:31  Fleet Beacon, Protoss Ground Weapons Level 2  
  44  7:37  Resonating Glaives  
  44  7:44  Adept  
  44  7:47  Adept  
  48  7:51  Adept  
  48  7:55  Pylon  
  50  8:03  Probe  
  51  8:07  Void Ray  
  61  8:42  Pylon  
  61  8:50  Void Ray (Chrono Boost)  
  61  8:52  Probe  
  66  9:03  Protoss Air Armor Level 1 (Chrono Boost)  
  66  9:24  Protoss Shields Level 2  
  66  9:50  Photon Cannon  
  72  10:08  Carrier (Chrono Boost)  
  72  10:18  Photon Cannon  
  72  10:24  Graviton Catapult  
  72  10:26  Photon Cannon  
  72  10:39  Photon Cannon  
  72  10:42  Protoss Ground Weapons Level 3  
  70  10:55  Zealot  
  62  10:57  Zealot  
  62  10:58  Zealot  
  50  11:16  Photon Cannon  
  44  11:21  Stalker  
  44  11:22  Stalker x2, Carrier (Chrono Boost)  
  54  11:39  Protoss Ground Armor Level 2  
  50  11:54  Photon Cannon  
  50  12:06  Probe  
  50  12:08  Pylon  
  51  12:21  Protoss Air Armor Level 2  
  51  12:37  Carrier (Chrono Boost)  
  56  12:47  Robotics Facility  
  54  13:29  Nexus  
  54  13:49  Robotics Bay  
  54  13:51  Carrier (Chrono Boost)  
  60  13:58  Observer  
  61  14:16  Stalker  
  63  14:18  Assimilator  
  63  14:30  Mothership Core  
  65  14:35  Assimilator  
  65  14:47  Extended Thermal Lance  
  65  15:01  Dark Shrine  
  71  15:20  Templar Archives  
  71  15:32  Probe  
  72  15:42  Probe  
  73  15:53  Probe  
  73  15:54  Photon Cannon  
  74  16:03  Probe  
  74  16:07  Colossus, High Templar  
  83  16:14  Probe  
  84  16:21  Probe  
  85  16:33  Probe  
  86  16:45  Probe  
  89  16:49  High Templar (Chrono Boost)  
  89  16:54  Robotics Facility, Colossus  
  89  16:57  Probe  
  96  17:09  Probe  
  87  17:42  Dark Templar  
  54  17:44  Dark Templar  
Show
View Real Time Build Order
Export as new Build Order

Lost Protoss 

Build Orders:  

Get SALT Encoding   

Show
View Real Time Build Order
Export as new Build Order

serg Protoss 

Build Orders:  

Get SALT Encoding   

Tags
 
Add a new tag
Caveats
  • Supply blocks, unpowered buildings, or Contaminate may cause inaccurate times.
  • Supply counts are checked every 10 seconds.